 Dungeon Crawl Stone Soup version 0.32-a0-17-gb74e046682 (webtiles) character file.

Game seed: 15405158374635525991

238 Inarius the Chopper (level 6, -2/42 HPs)
             Began as an Octopode Fighter on Jan 15, 2024.
             Splashed by a jelly's acid (5 damage)
             ... on level 4 of the Dungeon.
             The game lasted 00:03:20 (2701 turns).

Inarius the Chopper (Octopode Fighter)              Turns: 2701, Time: 00:03:21

Health: -2/42      AC: -3    Str: 14 (17) XL:     6   Next: 7%
Magic:  6/6        EV: 14    Int: 14 (17) God:
Gold:   162        SH:  6    Dex: 18 (19) Spells: 5/5 levels left

rFire   . . .        a - +0 war axe
rCold   . . .        j - +1 buckler of Gehenna {rPois Dex+2}
rNeg    . . .        (helmet restricted)
rPois   +            q - amulet of the acrobat
rElec   .            k - +6 ring of dexterity
rCorr   .            s - +6 ring of intelligence
SInv    .            (no ring)
Will    .....        (no ring)
Stlth   +++          (no ring)
HPRegen 0.27/turn    (no ring)
MPRegen 0.10/turn    (no ring)
                     (no ring)

%: acrobat
@: corroded
A: almost no armour, amphibious, 8 rings, camouflage 1, gelatinous body 1,
(nimble swimmer 1), tentacles
a: no special abilities


You were on level 4 of the Dungeon.
You visited 1 branch of the dungeon, and saw 4 of its levels.

You collected 162 gold pieces.

Inventory:

Hand Weapons
 a - a +0 war axe (weapon)
Missiles
 u - a throwing net (quivered)
Armour
 j - the +1 buckler of Gehenna (worn) {rPois Dex+2}
   (You found it on level 2 of the Dungeon)

   Dex+2:     It affects your dexterity (+2).
   rPois:     It protects you from poison
Jewellery
 k - a +6 ring of dexterity (left tentacle)
 q - an amulet of the acrobat (around mantle)
 s - a +6 ring of intelligence (right tentacle)
Wands
 l - a wand of roots (1)
Scrolls
 e - 2 scrolls of silence
 g - a scroll of teleportation
 h - 2 scrolls of blinking
Potions
 b - 4 potions of degeneration
 c - a potion of might
 f - 2 potions of lignification


   Skills:
 + Level 3.6 Fighting
 + Level 4.0 Axes
 + Level 3.4 Dodging
 + Level 3.0 Stealth
 + Level 3.4 Shields
 * Level 2.0 Evocations


You had 5 spell levels left.
You didn't know any spells.
Your spell library contained the following spells:

 Spells                   Type           Power      Damage    Failure   Level
 Apportation              Tloc           0%         N/A       36%         1
 Jinxbite                 Hex            0%         N/A       50%         2
 Alistair's Intoxication  Alch           0%         N/A       100%        5


Dungeon Overview and Level Annotations

Branches:
Dungeon (4/15)
 Temple: D:4-7

Altars:


Innate Abilities, Weirdness & Mutations

You cannot wear most types of armour.
You are amphibious.
You can wear up to eight rings at the same time.
Your skin changes colour to match your surroundings (Stealth+).
Your rubbery body absorbs attacks. (AC +1, EV +1)
((You are camouflaged when in or above water. (Stealth+)))
You have tentacles for arms and can constrict up to eight enemies at once.


Message History

The jelly is lightly wounded.
The gnoll hits you from afar with a +0 halberd!
* * * LOW HITPOINT WARNING * * *
The jelly closely misses you.
Unknown command.
It was a potion of degeneration.
There was something very wrong with that liquid.
You feel weakened.
You feel dopey.
You feel clumsy. You block the gnoll's attack.
The orc wizard mumbles some strange words.
The orc wizard flickers and vanishes!
Deactivating autopickup; reactivate with Ctrl-A.
The jelly closely misses you.
It was a potion of lignification.
You turn into a tree.
Your roots penetrate the ground.
The gnoll hits you from afar with a +0 halberd.
* * * LOW HITPOINT WARNING * * *
An orc comes into view. It is wielding a +0 hand axe.
The jelly hits you but does no damage.
It was a potion of curing.
You feel better. The gnoll hits you but does no damage.
The jelly hits you but does no damage.
You feel better.
The gnoll hits you from afar with a +0 halberd.
* * * LOW HITPOINT WARNING * * *
The jelly hits you but does no damage.
It was a potion of cancellation.
Your magical effects are unravelling.
You feel magically purged.
You feel less wooden.
You are no longer corroded.
The gnoll misses you.
An orc comes into view.
It is wielding a +0 flail of protection.
The jelly closely misses you.
It was a potion of magic.
Magic courses through your body.
The gnoll hits you from afar with a +0 halberd!
* * * LOW HITPOINT WARNING * * *
An iguana comes into view.
The jelly closely misses you.
The orc shouts!
The iguana hisses angrily.
You hit the jelly. The acid corrodes you!
Your tentacles burn!
You die...

...#######
.......?# #......#
#.o)...# #..g)..#
#......# #|.....#
#...olg######
#.....ogJ@..#
#......####.#
###.#### #.# #[#
#####.# #.# #.....#
#########.###.#####
#...........#.#
#.#######.#.#†#
#.#.#.#


You could see an iguana, a jelly, 2 gnolls and 2 orcs.

Vanquished Creatures
  A jelly (D:3)
  2 orc wizards (D:3)
  4 gnolls (D:4)
  5 adders
  A dart slug (D:3)
  4 ribbon worms (D:2)
  4 orcs
  7 ball pythons
  6 endoplasms
  A giant cockroach (D:1)
  2 goblins (D:2)
  6 hobgoblins
  5 jackals
  3 quokkas
  3 bats
  2 frilled lizards
  3 kobolds
  7 rats
66 creatures vanquished.

Notes
Turn   | Place    | Note
-------+----------+-------------------------------------------
     0 | D:1      | Inarius the Octopode Fighter began the quest for the Orb.
     0 | D:1      | Reached XP level 1. HP: 16/16 MP: 1/1
   158 | D:1      | Reached XP level 2. HP: 21/21 MP: 2/2
   199 | D:1      | Found a faded altar of an unknown god.
  1008 | D:2      | Reached XP level 3. HP: 24/26 MP: 3/3
  1031 | D:2      | Reached skill level 1 in Stealth
  1120 | D:2      | Identified the +1 buckler of Gehenna {rPois Dex+2}
  1645 | D:2      | Reached XP level 4. HP: 31/31 MP: 4/4
  1790 | D:3      | Reached skill level 3 in Axes
  1809 | D:3      | Reached skill level 1 in Evocations
  2034 | D:3      | Reached XP level 5. HP: 36/36 MP: 5/5
  2621 | D:4      | Reached skill level 4 in Axes
  2621 | D:4      | Reached XP level 6. HP: 32/42 MP: 6/6
  2696 | D:4      | HP: 1/63 [gnoll/+0 halberd (4)]
  2701 | D:4      | Splashed by a jelly's acid

Illustrated notes

Levels and vault maps discovered:
D:1:      dpeg_arrival_solitude, layout_loops_ring,
          dreamdust_ecumenical_altar_angels_and_demons, chequers_avenue,
          minmay_door_square, hangedman_decor_points, hangedman_decor_growths
D:2:      layout_loops_ring
D:3:      layout_loops_cross
D:4:      layout_basic, mainiacjoe_overflow_brackets, serial_shops,
          nicolae_shop_hallway_plus, gup_sewer_entry_bowl, grunt_tough_drop,
          uniq_edmund

Skill      XL: |  1  2  3  4  5 |
---------------+----------------+-----
Stealth        | 1 2 3 |  3.0
Axes           | 3 4 |  4.0
Evocations     | 1 2 |  2.0
Fighting       | |  3.6
Dodging        | |  3.4
Shields        | |  3.4

Action                     |  1- 3 |  4- 6 || total
---------------------------+-------+-------++-------
  Melee: War axe           |    69 |    54 ||   123
         Constrict         |    19 |    14 ||    33
         Tentacles         |     8 |     9 ||    17
         Punch             |     1 |       ||     1
  Evoke: Wand              |       |     2 ||     2
    Use: Scroll            |       |     7 ||     7
         Potion            |       |     6 ||     6
   Stab: Sleeping          |     6 |     8 ||    14
         Distracted        |     1 |     1 ||     2
 Armour: Skin              |    26 |    27 ||    53
  Dodge: Dodged            |    30 |    29 ||    59
  Block: Buckler           |    17 |    16 ||    33

Table legend: (Time is in decaauts)
 A = Elapsed time spent in this place.
 B = Non-inter-level travel time spent in this place.
 C = Inter-level travel time spent in this place.
 D = Time resting spent in this place.
 E = Time spent auto-exploring this place.
 F = Levels seen in this place.
 G = Mean time per level.
                   A        B        C        D        E       F      G
               +--------+--------+--------+--------+--------+-----+--------+
         Total |   2747 |   2663 |     84 |    240 |   1899 |   4 |  686.8 |
       Dungeon |   2747 |   2663 |     84 |    240 |   1899 |   4 |  686.8 |
               +--------+--------+--------+--------+--------+-----+--------+

Top non-repeatable levels by time:
     D:1: 1017 daAuts
     D:3: 841 daAuts
     D:2: 765 daAuts
     D:4: 122 daAuts
